 Dungeon Crawl Stone Soup version 0.30-a0-1018-g25214051b3 (webtiles) character file.

Game seed: 13153986117289575603

5964 gelatine the Thaumaturge (level 11, -16/74 HPs)
             Began as a Djinni Fire Elementalist on Apr 7, 2023.
             Demolished by a dire elephant simulacrum (32 damage)
             ... in an ice cave.
             The game lasted 00:30:13 (7595 turns).

gelatine the Thaumaturge (Djinni Fire Elementalist) Turns: 7595, Time: 00:30:14

Health: -16/74     AC: 16    Str:  7    XL:     11   Next: 9%
Gold:   281        EV: 13    Int: 27    God:
                   SH:  0    Dex: 14

rFire   + . .      SeeInvis .    u - +4 dagger (drain)
rCold   . . .      Faith    .    (no shield)
rNeg    . . .      Spirit   .    K - +0 acid dragon scales
rPois   ∞          Reflect  .    q - +2 helmet "Soer Xeas" {Int+6}
rElec   .          Rampage  .    (no cloak)
rCorr   +                        c - +2 pair of gloves
Will    +....                    (boots unavailable)
Stlth   ++                       n - amulet of regeneration
HPRegen 1.12/turn                F - ring of ice
MPRegen 0.00/turn                z - +4 ring of protection

@: flying
A: sickness immunity, fire resistance 2, cold vulnerability 1, float, innate
caster, HP casting, extra vitality 1
a: no special abilities


You were in an ice cave.
You visited 3 branches of the dungeon, and saw 11 of its levels.
You also visited: Ice Cave.

You collected 557 gold pieces.
You spent 276 gold pieces at shops.

Inventory:

Hand Weapons
 t - a +2 mace of draining
 u - a +4 dagger of draining (weapon)
 M - a +2 falchion of holy wrath
 O - a +3 long sword
 S - a +1 great mace of holy wrath
Armour
 c - a +2 pair of gloves (worn)
 q - the +2 helmet "Soer Xeas" (worn) {Int+6}
   (You acquired it on level 7 of the Dungeon)

   Int:       It affects your intelligence (+6).
 K - +0 acid dragon scales (worn)
Jewellery
 i - a ring of fire
 n - an amulet of regeneration (around neck)
 o - a +5 ring of evasion
 x - a +5 ring of evasion
 z - a +4 ring of protection (right hand)
 A - a +5 ring of evasion
 D - a ring of see invisible
 F - a ring of ice (left hand)
Wands
 j - a wand of paralysis (10)
 v - a wand of polymorph (5)
 y - a wand of roots (9)
 B - a wand of flame (29)
 Q - a wand of mindburst (3)
Scrolls
 f - 4 scrolls of blinking
 g - 2 scrolls of poison
 r - 2 scrolls of teleportation {unknown}
 C - a scroll of fog
 H - 2 scrolls of butterflies
 I - a scroll of noise {unknown}
 L - a scroll of torment {unknown}
 N - 2 scrolls of vulnerability {unknown}
Potions
 b - a potion of invisibility
 d - 7 potions of curing
 e - 2 potions of attraction
 h - a potion of haste
 k - 3 potions of brilliance
 l - 2 potions of ambrosia
 m - 4 potions of heal wounds
 w - a potion of cancellation
 E - a potion of might {unknown}
 G - a potion of lignification {unknown}
 J - 2 potions of resistance {unknown}
 P - a potion of degeneration {unknown}
Miscellaneous
 R - a phantom mirror (inert)


   Skills:
 * Level 4.9 Fighting
 * Level 3.4 Short Blades
 + Level 0.1 Maces & Flails
 * Level 2.5 Armour
 * Level 6.4 Dodging
 + Level 3.1 Stealth
 + Level 10.0 Spellcasting
 * Level 2.2 Evocations


You knew the following spells:

 Your Spells              Type           Power      Damage    Failure   Level
a - Foxfire               Conj/Fire      100%       2x1d9     1%          1
b - Scorch                Fire           100%       2d9       1%          2
c - Volatile Blastmotes   Fire/Tloc      100%       2d18      1%          3
d - Inner Flame           Hex/Fire       61%        N/A       1%          3
e - Flame Wave            Conj/Fire      61%        2d14      1%          4
f - Slow                  Hex            100%       N/A       1%          1
g - Call Imp              Summ           100%       N/A       1%          2
h - Call Canine Familiar  Summ           61%        N/A       1%          3
i - Summon Lightning Spi  Summ/Air       61%        N/A       1%          4
j - Borgnjor's Vile Clut  Necr/Erth      30%        N/A       3%          5
Your spell library was empty.

Dungeon Overview and Level Annotations

Branches:
Dungeon (9/15)             Temple (1/1) D:7            Lair (1/5) D:8
  IceCv (1/1)
    Orc: D:9-12

Altars:
Ashenzari
Cheibriados
Dithmenos
Elyvilon
Gozag
Hepliaklqana
Makhleb
Nemelex Xobeh
Okawaru
Qazlal
Ru
Trog
Uskayaw
Wu Jian
Xom
Yredelemnul
Zin
The Shining One

Shops:
D:1 !   D:6 *


Innate Abilities, Weirdness & Mutations

You are immune to sickness and miasma.
You are immune to poison.
Your flesh is very heat resistant. (rF++)
You are vulnerable to cold. (rC-)
You float through the air rather than walking.
You learn spells naturally, not from books.
Your magical power is your life essence.
You have superior vitality. (+4 MHP)


Message History

< or
x - a +5 ring of evasion; > or
z - a +4 ring of protection You remove your +5 ring of evasion.
Your cerulean imp hits the elephant simulacrum but does no damage.
You feel more attuned to ice.
F - a ring of ice (left hand)
The polar bear simulacrum bites you but does no damage.
The polar bear simulacrum misses you. The polar bear simulacrum claws you.
The polar bear simulacrum freezes you!
* * * LOW HITPOINT WARNING * * *
The elephant simulacrum tramples your cerulean imp but does no damage.
The elephant simulacrum closely misses your cerulean imp.
You feel much better.
Your cerulean imp hits the elephant simulacrum but does no damage.
Aiming: Phantom Mirror
Press: ? - help, Q - select action, (/) - cycle Dir - move target, f - freezing wraith
Aim: a freezing wraith You reflect the freezing wraith with the mirror!
The mirror clouds!
Your cerulean imp hits the elephant simulacrum with a +1 spear.
The dire elephant simulacrum tramples you!
You hold your ground!
The dire elephant simulacrum trunk-slaps you but does no damage.
The elephant simulacrum tramples your cerulean imp!
Your cerulean imp holds its ground!
Your cerulean imp dies!
Your cerulean imp disappears in a puff of smoke!
Casting: Scorch (safe; 1% risk of failure)
Confirm with . or Enter, or press ? or * to list all spells.
The polar bear simulacrum is no longer more vulnerable to fire.
Your freezing wraith barely misses the freezing wraith.
Your freezing wraith hits the freezing wraith but does no damage.
Your lightning spire shoots out a bolt of lightning at the polar bear simulacrum!
The bolt of electricity hits the dire elephant simulacrum.
The bolt of electricity hits the polar bear simulacrum.
The freezing wraith barely misses you. The freezing wraith misses you.
The dire elephant simulacrum tramples you but does no damage.
The dire elephant simulacrum trunk-slaps you!
* * * LOW HITPOINT WARNING * * *
The dire elephant simulacrum freezes you!!
You die...

#......(......#
#....8...8....#
#.............#
#...........#
#...........#
#......Z....#
#...WZZ...#
#..W@.h.#
##..∩8.##
#######


You could see a freezing wraith (ally target), an elephant simulacrum, a dire
elephant simulacrum (combustible), a polar bear simulacrum (distracted, ally
target), a friendly freezing wraith (summoned, drained), a friendly warg
(summoned) and a friendly lightning spire (summoned).

Vanquished Creatures
  The ghost of DeathPants the Cleaver, a journeyman DsGl of Gozag (D:9)
  A rime drake (Lair:1)
  An acid dragon (D:8)
  A water moccasin (D:7)
  An ice beast (D:7)
  An orc warrior (D:7)
  A black bear (D:6)
  4 centaurs
  3 phantoms
  2 bullfrogs (D:8)
  A kobold brigand (D:7)
  3 scorpions (D:5)
  A wight (D:9)
  2 killer bees (D:9)
  3 howler monkeys (D:9)
  3 orc priests
  2 jellies
  2 gnoll boudas (D:6)
  5 hounds
  Ijyb (D:3)
  Terence (D:3)
  5 iguanas
  Natasha (D:3)
  3 orc wizards
  2 adders
  8 gnolls (D:6)
  2 white imps
  2 ufetubi
  2 worms (D:4)
  2 dart slugs
  21 orcs
  7 bats (D:1)
  8 endoplasms
  2 giant cockroaches
  7 goblins (D:1)
  7 hobgoblins
  11 jackals
  3 quokkas
  6 ball pythons
  2 frilled lizards
  14 kobolds
  7 rats
162 creatures vanquished.

Vanquished Creatures (collateral kills)
  2 two-headed ogres
  A rime drake (Lair:1)
  Sigmund (D:6)
  A water moccasin (D:7)
  The ghost of cheesebisquit the Trooper, an amateur DrFE (D:4)
  An ogre (D:4)
  A kobold brigand (D:8)
  4 wights (D:9)
  4 killer bees (D:9)
  3 howler monkeys (D:9)
  2 orc priests (D:8)
  2 orc wizards (D:8)
  A gnoll (D:6)
  2 adders
  4 orcs (D:8)
  3 kobolds
33 creatures vanquished.

Vanquished Creatures (others)
  571 foxfires
571 creatures vanquished.

Grand Total: 766 creatures vanquished

Notes
Turn   | Place    | Note
-------+----------+-------------------------------------------
     0 | D:1      | gelatine the Djinni Fire Elementalist began the quest for
                  | the Orb.
     0 | D:1      | gelatine set off with the following spells memorised:
                  | Foxfire, Scorch, Volatile Blastmotes, Inner Flame, Flame
                  | Wave.
     0 | D:1      | Reached XP level 1. HP: 15/15 MP: 0/0
   184 | D:1      | Reached XP level 2. HP: 20/21 MP: 0/0
   190 | D:1      | Found Ulepluas's Distillery.
   270 | D:1      | Found a faded altar of an unknown god.
   279 | D:1      | Reached skill level 3 in Spellcasting
   350 | D:1      | Reached XP level 3. HP: 25/25 MP: 0/0
   350 | D:1      | Learned a level 1 spell: Slow
  1176 | D:2      | Found a stormy altar of Qazlal.
  1268 | D:2      | Reached XP level 4. HP: 30/31 MP: 0/0
  1996 | D:3      | Noticed Terence
  2003 | D:3      | Killed Terence
  2252 | D:3      | Reached XP level 5. HP: 20/36 MP: 0/0
  2252 | D:3      | Learned a level 2 spell: Call Imp
  2256 | D:3      | Reached skill level 4 in Spellcasting
  2328 | D:3      | Noticed Natasha
  2333 | D:3      | Killed Natasha
  2334 | D:3      | Reached skill level 1 in Fighting
  2369 | D:3      | Noticed Ijyb
  2395 | D:3      | Killed Ijyb
  2640 | D:3      | Reached XP level 6. HP: 42/42 MP: 0/0
  2748 | D:4      | Found a runed translucent gate.
  2748 | D:4      | Found a runed translucent gate.
  2748 | D:4      | Found a runed translucent gate.
  2748 | D:4      | Noticed cheesebisquit's ghost (amateur DrFE)
  2939 | D:4      | Reached skill level 5 in Spellcasting
  3200 | D:4      | Noticed an ogre
  3213 | D:4      | Killed an ogre
  3214 | D:4      | Reached XP level 7. HP: 46/47 MP: 0/0
  3214 | D:4      | Learned a level 3 spell: Call Canine Familiar
  3639 | D:4      | Killed cheesebisquit's ghost
  3686 | D:5      | Entered Level 5 of the Dungeon
  3723 | D:5      | Reached skill level 6 in Spellcasting
  3756 | D:5      | Reached XP level 8. HP: 53/54 MP: 0/0
  4095 | D:5      | Reached skill level 7 in Spellcasting
  4558 | D:6      | Noticed Sigmund
  4566 | D:6      | Killed Sigmund
  4567 | D:6      | Reached XP level 9. HP: 55/59 MP: 0/0
  4567 | D:6      | Learned a level 4 spell: Summon Lightning Spire
  4643 | D:6      | Found Gucuump's Assorted Antiques.
  4649 | D:6      | Bought a scroll labelled AFURCH WOZU for 36 gold pieces
  4649 | D:6      | Bought 2 scrolls labelled ODAUCS MUEP for 72 gold pieces
  4649 | D:6      | Bought a scroll labelled LODWEI QAYRR for 36 gold pieces
  4649 | D:6      | Bought a scroll labelled AFURCH WOZU for 36 gold pieces
  4774 | D:1      | Bought a potion of heal wounds for 60 gold pieces
  4774 | D:1      | Bought a potion of curing for 36 gold pieces
  5207 | D:6      | Found a stormy altar of Qazlal.
  5222 | D:6      | Reached skill level 8 in Spellcasting
  5227 | D:6      | Found a hide-covered altar of Uskayaw.
  5237 | D:6      | Found an ornate altar of the Wu Jian Council.
  5239 | D:6      | Found a broken altar of Ashenzari.
  5239 | D:6      | Found a glowing silver altar of Zin.
  5240 | D:6      | Found a glowing golden altar of the Shining One.
  5248 | D:6      | Found a basalt altar of Yredelemnul.
  5482 | D:7      | Identified a scroll of acquirement
  5482 | D:7      | Acquired the +2 helmet "Soer Xeas" {Int+6}
  5548 | D:7      | Reached skill level 1 in Short Blades
  5552 | D:7      | Found a staircase to the Ecumenical Temple.
  5574 | Temple   | Entered the Ecumenical Temple
  6412 | D:8      | Reached skill level 5 in Dodging
  6413 | D:8      | Noticed a two-headed ogre
  6420 | D:8      | Killed a two-headed ogre
  6421 | D:8      | Reached skill level 9 in Spellcasting
  6421 | D:8      | Reached XP level 10. HP: 64/67 MP: 0/0
  6537 | D:8      | Found a staircase to the Lair.
  6984 | D:9      | Reached skill level 1 in Armour
  7199 | D:9      | Reached skill level 1 in Evocations
  7234 | D:9      | Noticed a two-headed ogre
  7240 | D:9      | Killed a two-headed ogre
  7386 | D:9      | Found a runed translucent door.
  7388 | D:9      | Noticed DeathPants's ghost (journeyman DsGl)
  7398 | D:9      | Killed DeathPants's ghost
  7399 | D:9      | Reached XP level 11. HP: 68/74 MP: 0/0
  7399 | D:9      | Learned a level 5 spell: Borgnjor's Vile Clutch
  7512 | Lair:1   | Entered Level 1 of the Lair of Beasts
  7570 | Lair:1   | Found a frozen archway.
  7575 | Lair:1   | Reached skill level 10 in Spellcasting
  7583 | IceCv    | Entered an ice cave
  7595 | IceCv    | Demolished by a dire elephant simulacrum

Illustrated notes

Levels and vault maps discovered:
D:1:      dpeg_arrival_subterranean_lakeside_camping, layout_basic,
          shapermc_ecumenical_altar_venn, serial_shops, nicolae_square_shop,
          kennysheep_doodads, kennysheep_another_room, minmay_pentomino_r2
D:2:      layout_loops_ring, basic_altar, nrook_mini_vaults
D:3:      layout_loops_corners, roderic_three_in_a_row, uniq_ijyb, uniq_terence,
          uniq_natasha
D:4:      layout_cave_pods, gammafunk_ghost_split, kennysheep_diamond,
          minivault_24
D:5:      layout_loops_ring
D:6:      layout_basic, nicolae_overflow_hallway_of_the_gods, serial_shops,
          shop, uniq_sigmund
D:7:      layout_basic, minmay_temple_entry_ruins
D:8:      layout_loops_corners, lair_entry_dummy
D:9:      layout_gridville, ebering_ghost_reflecting_pool
Temple:   nicolae_temple_superstar
Lair:1:   layout_cave_pods, portal_ice_cave_rime
IceCv:    ice_cave_statue_garden_transporter

Skill      XL: |  1  2  3  4  5  6  7  8  9 10 11 |
---------------+----------------------------------+-----
Spellcasting   | 3 4 5 6 7 9 10 | 10.0
Fighting       | 1 2 4 |  4.9
Stealth        | 2 3 |  3.1
Dodging        | 3 4 5 6 |  6.4
Short Blades   | 2 3 |  3.4
Armour         | 2 |  2.5
Evocations     | 2 |  2.2
Maces & Flails | |  0.1

Action                     |  1- 3 |  4- 6 |  7- 9 | 10-12 || total
---------------------------+-------+-------+-------+-------++-------
  Melee: Dagger            |     2 |    13 |    41 |    15 ||    71
         Punch             |     1 |       |       |       ||     1
         Mace              |       |    17 |       |       ||    17
   Cast: Foxfire           |    95 |    98 |   132 |    34 ||   359
         Scorch            |     1 |    20 |    51 |    17 ||    89
         Call Imp          |       |     3 |     5 |     5 ||    13
         Slow              |       |     2 |     2 |       ||     4
         Call Canine Famil |       |       |     6 |     6 ||    12
         Flame Wave        |       |       |     1 |       ||     1
         Summon Lightning  |       |       |     5 |     9 ||    14
  Evoke: Phantom mirror    |       |       |       |     1 ||     1
    Use: Scroll            |       |       |    17 |     2 ||    19
         Potion            |       |       |       |     1 ||     1
 Armour: Skin              |       |    15 |       |       ||    15
         Robe              |       |     2 |    20 |       ||    22
         Acid dragon scale |       |       |       |     9 ||     9
  Dodge: Dodged            |     2 |    17 |    60 |    27 ||   106

Table legend: (Time is in decaauts)
 A = Elapsed time spent in this place.
 B = Non-inter-level travel time spent in this place.
 C = Inter-level travel time spent in this place.
 D = Time resting spent in this place.
 E = Time spent auto-exploring this place.
 F = Levels seen in this place.
 G = Mean time per level.
                   A        B        C        D        E       F      G
               +--------+--------+--------+--------+--------+-----+--------+
         Total |   7596 |   6893 |    703 |      0 |   5578 |  12 |  633.0 |
       Dungeon |   7323 |   6723 |    600 |      0 |   5504 |   9 |  813.7 |
        Temple |    191 |     88 |    103 |      0 |     74 |   1 |  191.0 |
          Lair |     71 |     71 |      0 |      0 |      0 |   1 |   71.0 |
      Ice Cave |     10 |     10 |      0 |      0 |      0 |   1 |   10.0 |
               +--------+--------+--------+--------+--------+-----+--------+

Top non-repeatable levels by time:
     D:1: 1178 daAuts
     D:3: 1013 daAuts
     D:4: 988 daAuts
     D:8: 882 daAuts
     D:6: 787 daAuts
     D:5: 762 daAuts
     D:2: 668 daAuts
     D:9: 526 daAuts
     D:7: 516 daAuts
  Temple: 191 daAuts
  Lair:1: 71 daAuts
   IceCv: 10 daAuts
